Map: Port Aleksander LE

Players

SERZH

  • Race: Protoss Protoss
  • League: Silver
  • Spawn Location: 5:00

Freeman - Winner!

  • Race: Protoss Protoss
  • League: Gold
  • Spawn Location: 11:00

VOD

Have the link to the VOD?

Description

Time

  • Played on: Dec. 2, 2018, 3:54 p.m.
  • Length: 10:07
Show
View Real Time Build Order
Export as new Build Order

SERZH Protoss 

Build Orders: 1 Gate Expand, Blink Stalkers 

Get SALT Encoding   

  12  0:02  Probe  
  13  0:14  Probe  
  14  0:24  Pylon  
  14  0:31  Probe  
  15  0:40  Probe  
  15  0:45  Gateway  
  15  0:48  Probe  
  16  0:53  Assimilator  
  17  1:32  Nexus  
  17  2:09  Cybernetics Core  
  17  2:26  Pylon  
  17  2:33  Probe  
  18  2:41  Probe x2  
  18  2:49  Probe  
  18  2:50  Probe  
  20  2:53  Twilight Council  
  22  2:59  Probe  
  22  3:02  Probe  
  24  3:08  Assimilator  
  24  3:11  Probe x2  
  25  3:19  Probe  
  26  3:21  Probe  
  28  3:29  Probe x2  
  28  3:32  Stalker  
  32  3:37  Probe  
  32  3:38  Blink  
  32  3:40  Warp Gate  
  32  3:41  Probe  
  34  3:49  Probe  
  34  3:53  Probe  
  36  3:59  Assimilator  
  32  4:02  Assimilator, Stalker  
  32  4:05  Probe  
  30  4:14  Probe  
  30  4:22  Probe  
  32  4:31  Probe  
  32  4:32  Stalker  
  35  4:42  Pylon  
  35  4:44  Probe  
  36  4:56  Probe  
Show
View Real Time Build Order
Export as new Build Order

Freeman Protoss - Winner!

Build Orders: Oracle Opening 

Get SALT Encoding   

  12  0:01  Probe  
  13  0:13  Probe  
  14  0:23  Pylon  
  14  0:25  Probe  
  15  0:40  Probe  
  16  0:43  Gateway  
  16  0:48  Probe  
  16  0:50  Assimilator  
  16  0:56  Assimilator, Probe  
  18  1:07  Probe  
  19  1:17  Pylon  
  19  1:20  Probe  
  20  1:32  Probe  
  21  1:45  Cybernetics Core  
  21  1:57  Probe  
  22  2:05  Pylon  
  22  2:09  Probe  
  23  2:18  Adept  
  23  2:25  Stargate  
  25  3:01  Pylon  
  25  3:05  Oracle  
  25  3:09  Forge  
  25  3:11  Fleet Beacon  
  25  3:18  Pylon  
  28  3:54  Tempest  
  33  4:09  Pylon  
  33  4:27  Stargate  
  33  4:37  Shield Battery  
  33  4:40  Shield Battery  
  33  4:48  Shield Battery  
  33  5:04  Tempest  
  38  5:23  Tempest  
  38  5:32  Shield Battery  
  38  5:38  Shield Battery  
  38  5:41  Pylon  
  38  5:43  Photon Cannon  
  38  5:51  Photon Cannon  
  38  5:58  Tempest  
  38  5:59  Photon Cannon  
  38  6:09  Shield Battery  
  38  6:11  Shield Battery  
  38  6:24  Nexus  
  38  6:34  Tempest  
  38  7:14  Tempest  
  38  7:21  Assimilator  
  38  7:26  Assimilator, Probe  
  38  7:29  Pylon  
  38  7:32  Pylon  
  38  7:38  Probe  
  38  7:48  Tempest  
  38  7:50  Probe  
  38  7:58  Probe  
  38  8:02  Probe  
  38  8:10  Probe  
  38  8:13  Tempest  
  38  8:27  Probe x2  
  38  8:39  Probe x2  
  38  8:51  Probe  
  38  8:56  Tempest  
  38  9:07  Photon Cannon  
  38  9:19  Photon Cannon  
  38  9:26  Photon Cannon  
  38  9:40  Probe x2  
  38  9:52  Probe  
  38  10:03  Nexus  
Tags
 
Add a new tag
Caveats
  • Supply blocks, unpowered buildings, or Contaminate may cause inaccurate times.
  • Supply counts are checked every 10 seconds.